 Dungeon Crawl Stone Soup version 0.16-a0-4123-g49b462e (webtiles) character file.

132 Maxmanishe the Skirmisher (level 5, 0/46 HPs)
             Began as a Hill Orc Fighter on Mar 2, 2015.
             Was an Initiate of Beogh.
             Slain by an adder (3 damage)
             ... summoned by Duskembrace's ghost
             ... on level 3 of the Dungeon.
             The game lasted 00:13:30 (2835 turns).

Maxmanishe the Skirmisher (Hill Orc Fighter)        Turns: 2835, Time: 00:13:31

Health: 0/46       AC:  6    Str: 20    XL:     5   Next: 15%
Magic:  5/5        EV:  7    Int:  8    God:    Beogh [......]
Gold:   99         SH:  9    Dex: 10    Spells: 0 memorised, 4 levels left

rFire  . . .     SeeInvis .     a - +0 trident
rCold  . . .     Clarity  .     b - +0 scale mail
rNeg   . . .     SustAb   .     c - +0 shield
rPois  .         Gourm    .     (no helmet)
rElec  .         Spirit   .     j - -2 cloak (curse)
rCorr  .         Warding  .     (no gloves)
rMut   .         Stasis   .     (no boots)
MR     .....                    (no amulet)
Stlth  ..........               (no ring)
                                (no ring)

@: about to teleport, not resistant to hostile enchantments, extremely
unstealthy
A: no striking features
a: Renounce Religion


You were on level 3 of the Dungeon.
You worshipped Beogh.
Beogh was noncommittal.
You were not hungry.

You visited 1 branch of the dungeon, and saw 3 of its levels.

You collected 99 gold pieces.

Inventory:

Hand weapons
 a - a +0 trident (weapon)
 h - a +0 halberd
Armour
 b - a +0 scale mail (worn)
 c - a +0 shield (worn)
 j - a cursed -2 cloak (worn)
Jewellery
 p - an uncursed amulet of the gourmand {unknown}
 r - a cursed -2 ring of protection {unknown}
Magical devices
 s - a wand of polymorph (6)
Scrolls
 g - 2 scrolls of amnesia
 l - a scroll of teleportation
 m - a scroll of identify {unknown}
Potions
 d - a potion of curing {unknown}
 f - a potion of magic
 i - a potion of brilliance
 q - a potion of flight {unknown}
 t - a potion of degeneration {unknown}
Comestibles
 k - a slice of pizza
 n - a meat ration


   Skills:
 + Level 4.2 Fighting
 * Level 3.9 Polearms
 + Level 4.1 Armour
 + Level 4.1 Shields


You had 4 spell levels left.
You didn't know any spells.

Dungeon Overview and Level Annotations

Branches:
Dungeon (3/15)

Altars:
Kikubaaqudgha
Nemelex Xobeh
Xom

Annotations:
D:3 Duskembrace's ghost, average MfTm; Grinder


Message History

The adder is moderately wounded.
The adder bites you.
Attack whom?
Press: ? - help, Dir - move target cursor, f/p - adder
Aim: an adder (moderately wounded, summoned)
You completely miss the adder.
The adder is moderately wounded.
You feel a little less mighty now. The adder bites you but does no damage.
Duskembrace's ghost hits you.
* * * LOW HITPOINT WARNING * * *
The adder completely misses you.
Read which item? (? for menu, Esc to quit)
As you read the scroll of teleportation, it crumbles to dust.
You feel strangely unstable. Duskembrace's ghost hits you.
* * * LOW HITPOINT WARNING * * *
You block the adder's attack. The adder completely misses you.
Duskembrace's ghost hits you!
* * * LOW HITPOINT WARNING * * *
The adder bites you.
You die...

###########
#...W.....#
####.#######W#
.............#
###.....#####
######.....'....
............##...
#######......##...
#@WSSSS..>...#####
#S#####.#....# #
.).S ...#....# #
#.....l...#....# #
#......o..##'### #
## #.....)..###.#
# .... #........
..# #### ...#
#........ ## #...
...#### ### # #...


You could see Duskembrace's ghost, 3 adders and 3 ball pythons.

Vanquished Creatures
  Ijyb (D:3)
  3 gnolls
  5 adders
  A giant mite (D:3)
  3 giant geckos
  2 oozes (D:3)
  2 orcs (D:3)
  6 ball pythons
  2 giant cockroaches
  4 hobgoblins
  7 bats
  5 giant newts
  8 goblins
  2 jackals (D:1)
  5 kobolds
  3 rats
59 creatures vanquished.

Vanquished Creatures (others)
  2 orcs (D:3)
  A jackal (D:3)
  A ball python (D:3)
4 creatures vanquished.

Grand Total: 63 creatures vanquished

Notes
Turn   | Place    | Note
--------------------------------------------------------------
     0 | D:1      | Maxmanishe, the Hill Orc Fighter, began the quest for the Orb.
     0 | D:1      | Reached XP level 1. HP: 19/19 MP: 1/1
   413 | D:1      | Reached XP level 2. HP: 27/27 MP: 2/2
   871 | D:1      | Reached XP level 3. HP: 30/33 MP: 3/3
   913 | D:2      | Reached skill level 4 in Fighting
  1206 | D:2      | Reached XP level 4. HP: 16/40 MP: 4/4
  1439 | D:2      | Found a sparkling altar of Nemelex Xobeh.
  1439 | D:2      | Found a shimmering altar of Xom.
  1439 | D:2      | Found an ancient bone altar of Kikubaaqudgha.
  2020 | D:3      | Noticed Duskembrace's ghost (average MfTm)
  2022 | D:3      | Noticed Ijyb
  2181 | D:3      | Noticed Grinder
  2669 | D:3      | Killed Ijyb
  2669 | D:3      | Reached XP level 5. HP: 43/46 MP: 5/5
  2764 | D:3      | Became a worshipper of Beogh the Brigand
  2835 | D:3      | Slain by an adder

Action                   |  1- 3 |  4- 6 || total
-------------------------+-------+-------++-------
Melee: Trident           |   126 |   141 ||   267
Invok: Convert to Beogh  |       |     1 ||     1
  Use: Scroll            |     3 |     6 ||     9
       Potion            |       |     5 ||     5
  Eat: Meat ration       |     1 |       ||     1
       Bread ration      |       |     1 ||     1
